 Dungeon Crawl Stone Soup version 0.28-a0-1143-gcf6077d4cc (webtiles) character file.

Game seed: 17168586933272032405

54 SensoryNuts the Ducker (level 3, 0/28 HPs)
             Began as a Demonspawn Gladiator on Dec 13, 2021.
             Slain by Jessica (2 damage)
             ... on level 2 of the Dungeon.
             The game lasted 00:01:09 (1381 turns).

SensoryNuts the Ducker (Demonspawn Gladiator)       Turns: 1381, Time: 00:01:10

Health: 0/28       AC:  4    Str: 16    XL:     3   Next: 66%
Magic:  3/3        EV: 12    Int:  9    God:
Gold:   47         SH:  0    Dex: 14    Spells: 2/2 levels left

rFire   . . .      SeeInvis .   a - +0 long sword
rCold   . . .      Faith    .   (no shield)
rNeg    . . .      Spirit   .   b - +0 leather armour
rPois   .          Reflect  .   c - +0 helmet
rElec   .          Harm     .   (no cloak)
rCorr   .          Rampage  .   (no gloves)
Will    .....                   (no boots)
Stlth   +.........              (no amulet)
HPRegen 0.09/turn               (no ring)
MPRegen 0.08/turn               (no ring)

@: no status effects
A: powered by death 1, weakness stinger 1
a: no special abilities


You were on level 2 of the Dungeon.
You visited 1 branch of the dungeon, and saw 2 of its levels.

You collected 47 gold pieces.

Inventory:

Hand Weapons
 a - a +0 long sword (weapon)
 f - a +0 vorpal flail
Missiles
 d - 3 throwing nets (quivered)
Armour
 b - a +0 leather armour (worn)
 c - a +0 helmet (worn)
Scrolls
 e - a scroll of teleportation {unknown}


   Skills:
 + Level 2.3 Fighting
 + Level 3.2 Long Blades
 + Level 1.8 Throwing
 + Level 1.0 Armour
 + Level 3.2 Dodging


You had 2 spell levels left.
You didn't know any spells.
Your spell library was empty.

Dungeon Overview and Level Annotations

Branches:
Dungeon (2/15)

Altars:

Annotations:
D:2 Jessica


Innate Abilities, Weirdness & Mutations

You regenerate a little health from kills.
You have a small tail.


Message History

Found 23 stones.
Found 22 arrows.
No target in view!
No target in view!
There is a stone staircase leading down here.
Jessica the Apprentice Sorceress comes into view.
She is wielding a +8 club.
Jessica shouts!
Jessica gestures at you while chanting. Pain shoots through your body!
Jessica is nearby!
Jessica is nearby!
Jessica casts a spell at you. Pain shoots through your body!
You are too injured to fight recklessly!
You are too injured to fight recklessly!
You are too injured to fight recklessly!
You are too injured to fight recklessly!
You are too injured to fight recklessly!
You are too injured to fight recklessly!
You are too injured to fight recklessly!
You are too injured to fight recklessly!
You are too injured to fight recklessly!
You are too injured to fight recklessly!
You are too injured to fight recklessly!
You are too injured to fight recklessly!
Jessica is nearby!
Jessica is nearby!
You are too injured to fight recklessly!
You slash Jessica!
Jessica is almost dead.
Jessica casts a spell.
Jessica seems to speed up.
You barely miss Jessica.
You tail-slap Jessica, but do no damage.
Jessica is almost dead.
Jessica casts a spell at you. Pain shoots through your body!
* * * LOW HITPOINT WARNING * * *
Jessica hits you with a +8 club.
You die...

##..# #..## ##..#
######..#
#.......#
#.#####.##########
#...........
##..########
#..#..@@..#
#..#.####.#
#.>....(#
##.#.##.# #.#.# #
..... .#.####
#.#.( # ###


You could see Jessica (fast).

Vanquished Creatures
  A gnoll (D:1)
  5 orcs (D:2)
  3 ball pythons (D:1)
  2 endoplasms (D:1)
  A giant cockroach (D:1)
  5 goblins (D:1)
  3 hobgoblins (D:1)
  A kobold (D:2)
  2 quokkas
  6 bats (D:1)
  3 frilled lizards
  5 rats
37 creatures vanquished.

Vanquished Creatures (others)
  8 plants
8 creatures vanquished.

Grand Total: 45 creatures vanquished

Notes
Turn   | Place    | Note
-------+----------+-------------------------------------------
     0 | D:1      | SensoryNuts the Demonspawn Gladiator began the quest for
                  | the Orb.
     0 | D:1      | Reached XP level 1. HP: 16/16 MP: 1/1
   231 | D:1      | Gained mutation: You regenerate a little health from kills.
                  | [demonic ancestry]
   231 | D:1      | Reached XP level 2. HP: 22/22 MP: 2/2
   267 | D:1      | Found a faded altar of an unknown god.
   604 | D:1      | Discovered your monstrous ancestry.
   604 | D:1      | Gained mutation: You have a small tail. [demonic ancestry]
   604 | D:1      | Reached XP level 3. HP: 5/28 MP: 3/3
  1297 | D:2      | Reached skill level 1 in Armour
  1377 | D:2      | Noticed Jessica
  1381 | D:2      | Slain by Jessica

Illustrated notes

Levels and vault maps discovered:
D:1:      lightli_arrival_farm, layout_basic, basic_ecumenical_altar,
          serial_bayou_pond_d
D:2:      layout_basic, basic_altar, serial_bayou_crossing, uniq_jessica,
          uniq_sigmund

Skill      XL: |  1  2  3 |
---------------+----------+-----
Dodging        | 3 |  3.2
Long Blades    | 3 |  3.2
Armour         | 1 |  1.0
Fighting       | |  2.3
Throwing       | |  1.8

Action                   || total
-------------------------++-------
Melee: Long sword        ||   104
       Tailslap          ||     7
 Stab: Sleeping          ||     1
Armor: Leather armour    ||    38
Dodge: Dodged            ||    95

Table legend: (Time is in decaauts)
 A = Elapsed time spent in this place.
 B = Non-inter-level travel time spent in this place.
 C = Inter-level travel time spent in this place.
 D = Time resting spent in this place.
 E = Time spent auto-exploring this place.
 F = Levels seen in this place.
 G = Mean time per level.
                   A        B        C        D        E       F      G
               +--------+--------+--------+--------+--------+-----+--------+
         Total |   1436 |   1436 |      0 |      0 |   1155 |   2 |  718.0 |
       Dungeon |   1436 |   1436 |      0 |      0 |   1155 |   2 |  718.0 |
               +--------+--------+--------+--------+--------+-----+--------+

Top non-repeatable levels by time:
     D:1: 1176 daAuts
     D:2: 259 daAuts
